 Dungeon Crawl Stone Soup version 0.26-a0-639-g72c4674329 (webtiles) character file.

Game seed: 9920401822292376852

889 KristoblXynda the Slasher (level 7, -12/78 HPs)
             Began as a Demonspawn Gladiator on Sept 16, 2020.
             Was a Follower of Cheibriados.
             Mangled by Pikel
             ... wielding a +1 whip of electrocution
              (16 damage)
             ... on level 5 of the Dungeon.
             The game lasted 00:06:52 (3886 turns).

KristoblXynda the Slasher (Demonspawn Gladiator)    Turns: 3886, Time: 00:06:52

Health: -12/78     AC: 23    Str: 17    XL:     7   Next: 77%
Magic:  8/8        EV:  2    Int: 14    God:    Cheibriados [*.....]
Gold:   263        SH:  0    Dex: 18    Spells: 6/6 levels left

rFire    + . .     SeeInvis .   a - +0 long sword
rCold    . . .     Faith    .   (no shield)
rNeg     + + +     Spirit   .   (armour currently unavailable)
rPois    +         Reflect  .   (helmet currently unavailable)
rElec    .         Harm     .   (cloak currently unavailable)
rCorr    .         Rampage  .   (gloves currently unavailable)
MR       .....     NoTele   +   (boots currently unavailable)
Stlth    ++........             b - amulet of regeneration
HPRegen  0.63/turn              i - ring of protection from fire
MPRegen  0.11/turn              g - +4 ring of evasion

@: tree-form, stab, very slow
A: no striking features
a: Bend Time, Renounce Religion


You were on level 5 of the Dungeon.
You worshipped Cheibriados.
Cheibriados was aware of your devotion.
You were a tree.
You visited 1 branch of the dungeon, and saw 6 of its levels.

You collected 263 gold pieces.

Inventory:

Hand Weapons
 a - a +0 long sword (weapon)
Missiles
 d - 3 throwing nets (quivered)
Armour
 f - a +0 cloak (melded)
 k - a +0 scale mail (melded)
Jewellery
 b - an amulet of regeneration (around neck)
 g - a +4 ring of evasion (right branch)
 i - a ring of protection from fire (left branch)
 m - a +6 ring of intelligence {unknown}
Wands
 t - a wand of iceblast (7)
Scrolls
 e - 2 scrolls of immolation {unknown}
 h - 5 scrolls of remove curse {unknown}
 j - a scroll of random uselessness {unknown}
 l - 5 scrolls of teleportation {unknown}
 q - 3 scrolls of enchant weapon {unknown}
 r - a scroll of fear {unknown}
 w - a scroll of noise {unknown}
 x - a scroll of identify
 y - a scroll of magic mapping {unknown}
Potions
 n - a potion of might
 o - 2 potions of flight
 p - a potion of stabbing
 s - a potion of degeneration {unknown}
 u - a potion of lignification
 v - a potion of ambrosia {unknown}


   Skills:
 - Level 3.1 Fighting
 + Level 5.5 Long Blades
 - Level 2.0 Throwing
 + Level 3.6 Armour
 + Level 4.8 Dodging
 + Level 2.5 Invocations


You had 6 spell levels left.
You didn't know any spells.
Your spell library was empty.

Dungeon Overview and Level Annotations

Branches:
Dungeon (6/15)             Temple (0/1) D:4

Altars:
Cheibriados
Gozag
Nemelex Xobeh

Annotations:
D:5 Pikel
D:6 Dowan, Duvessa


Innate Abilities, Weirdness & Mutations

((You have a pair of antennae on your head.))
((You are partially covered in sharp spines.))


Message History

Pikel is severely wounded.
The lemure hits you.
* * * LOW HITPOINT WARNING * * *
Pikel says, "I knew I should've brought a map."
Pikel barely misses you.
You hit Pikel but do no damage.
Pikel is severely wounded.
The lemure hits you but does no damage. Pikel hits you but does no damage.
The lemure hits you.
* * * LOW HITPOINT WARNING * * *
You hit Pikel but do no damage.
Pikel is severely wounded.
Pikel hits you with a +1 whip of electrocution.
* * * LOW HITPOINT WARNING * * *
The lemure hits you but does no damage.
Unknown command.
It was a potion of stabbing.
You feel ready to backstab. Pikel hits you but does no damage.
You are electrocuted!
You die...

#.# ###### #.# #.#
########'##
#.........# ###
########.........#
#..
#................#
#.#
#............5...#
#.#
#.............♣..#
#.#
########.....K...#
#.# ####'######
#.# #....# #.#
#####....#
########.#
#........#
#.....##.#
#.####...#
#.....†..#
#.####...#
#.....####
#....#...#
####...#..


You could see Pikel and a lemure.

Vanquished Creatures
  A sky beast (D:5)
  A phantom (D:4)
  An ogre (D:4)
  A centaur (D:5)
  A bullfrog (D:6)
  A centaur zombie (D:4)
  An orc priest (D:4)
  A bullfrog skeleton (D:5)
  Natasha (twice) (D:4)
  An orc wizard (D:4)
  Ijyb (D:3)
  4 worker ants
  4 gnolls (D:4)
  3 adders
  2 ufetubi (D:5)
  4 worms (D:2)
  4 dart slugs
  6 leopard geckos
  7 orcs
  14 bats
  6 giant cockroaches
  10 goblins
  11 hobgoblins
  7 jackals
  3 ball pythons
  5 frilled lizards
  7 kobolds (D:1)
  10 rats
119 creatures vanquished.

Notes
Turn   | Place    | Note
-------+----------+-------------------------------------------
     0 | D:1      | KristoblXynda the Demonspawn Gladiator began the quest for
                  | the Orb.
     0 | D:1      | Reached XP level 1. HP: 16/16 MP: 1/1
   174 | D:1      | Gained mutation: You have a pair of small antennae on your
                  | head. [demonic ancestry]
   174 | D:1      | Reached XP level 2. HP: 17/22 MP: 2/2
   500 | D:1      | Reached skill level 3 in Long Blades
   514 | D:1      | Gained mutation: You are partially covered in sharp spines.
                  | [demonic ancestry]
   514 | D:1      | Reached XP level 3. HP: 26/28 MP: 3/3
  1214 | D:2      | Reached skill level 1 in Armour
  1387 | D:2      | Reached XP level 4. HP: 34/34 MP: 4/4
  2216 | D:3      | Noticed Ijyb
  2245 | D:3      | Killed Ijyb
  2245 | D:3      | Reached XP level 5. HP: 41/41 MP: 5/5
  2326 | D:3      | Found a snail-covered altar of Cheibriados.
  2713 | D:3      | Became a worshipper of Cheibriados the Contemplative
  2793 | D:4      | Noticed Natasha
  2799 | D:4      | Killed Natasha
  2897 | D:4      | Reached skill level 4 in Long Blades
  2935 | D:4      | Found a sparkling altar of Nemelex Xobeh.
  2941 | D:4      | Noticed a phantom
  2954 | D:4      | Killed a phantom
  2954 | D:4      | Reached * piety under Cheibriados
  2954 | D:4      | Gained mutation: You have a pair of antennae on your head.
                  | [demonic ancestry]
  2954 | D:4      | Reached XP level 6. HP: 44/47 MP: 6/6
  3082 | D:4      | Noticed Natasha
  3088 | D:4      | Killed Natasha
  3170 | D:4      | Reached XP level 7. HP: 33/52 MP: 7/7
  3223 | D:4      | Reached skill level 5 in Long Blades
  3259 | D:4      | Found a staircase to the Ecumenical Temple.
  3439 | D:5      | Entered Level 5 of the Dungeon
  3471 | D:5      | Reached skill level 1 in Invocations
  3865 | D:6      | Noticed Dowan
  3866 | D:6      | Found an opulent altar of Gozag.
  3866 | D:6      | Noticed Duvessa
  3866 | D:6      | Noticed Pikel
  3885 | D:5      | HP: 3/78 [Pikel/+1 whip of electrocution (2)]
  3886 | D:5      | Mangled by Pikel

Illustrated notes

Levels and vault maps discovered:
D:1:      dpeg_arrival_connections, layout_loops_ring, roderic_lattice_a
D:2:      layout_loops_corners
D:3:      minmay_thinvault, layout_basic, cheibriados_altar_1, uniq_ijyb
D:4:      layout_loops_cross, nemelex_xobeh_ov_fountains_minmay,
          minmay_temple_entry_fiery, sigmund_army, uniq_natasha
D:5:      layout_basic
D:6:      layout_loops_ring, kennysheep_little_box, st_stairs_12,
          grunt_gozag_statues, uniq_duvessa, uniq_maggie, uniq_pikel

Skill      XL: |  1  2  3  4  5  6  7 |
---------------+----------------------+-----
Throwing       | 2 |  2.0
Dodging        | 3 4 |  4.8
Long Blades    | 3 4 5 |  5.5
Armour         | 1 2 3 |  3.6
Fighting       | 3 |  3.1
Invocations    | 2 |  2.5

Action                   |  1- 3 |  4- 6 |  7- 9 || total
-------------------------+-------+-------+-------++-------
Melee: Long sword        |    94 |   123 |    52 ||   269
  Use: Scroll            |       |     3 |       ||     3
       Potion            |       |       |     3 ||     3
Armor: Leather armour    |    20 |       |       ||    20
       Scale mail        |     8 |    44 |    11 ||    63
       Ring mail         |     8 |       |       ||     8
       Skin              |       |       |    17 ||    17
Dodge: Dodged            |    75 |    97 |    57 ||   229
       Rpst.: Long sword |    26 |    28 |    17 ||    71

Table legend: (Time is in decaauts)
 A = Elapsed time spent in this place.
 B = Non-inter-level travel time spent in this place.
 C = Inter-level travel time spent in this place.
 D = Time resting spent in this place.
 E = Time spent auto-exploring this place.
 F = Levels seen in this place.
 G = Mean time per level.
                   A        B        C        D        E       F      G
               +--------+--------+--------+--------+--------+-----+--------+
         Total |   4275 |   4025 |    250 |    105 |   2843 |   6 |  712.5 |
       Dungeon |   4275 |   4025 |    250 |    105 |   2843 |   6 |  712.5 |
               +--------+--------+--------+--------+--------+-----+--------+

Top non-repeatable levels by time:
     D:1: 1041 daAuts
     D:4: 942 daAuts
     D:2: 905 daAuts
     D:3: 843 daAuts
     D:5: 438 daAuts
     D:6: 104 daAuts
